 Dungeon Crawl Stone Soup version 0.22.0 (webtiles) character file.

125 Goblin1989 the Sneak (level 4, -3/22 HPs)
             Began as a Spriggan Assassin on Aug 10, 2018.
             Killed by divine providence
             ... invoked by an orc priest
              (13 damage)
             ... on level 3 of the Dungeon.
             The game lasted 00:06:30 (3689 turns).

Goblin1989 the Sneak (Spriggan Assassin)            Turns: 3689, Time: 00:06:31

Health: -3/22      AC:  4    Str:  4    XL:     4   Next: 82%
Magic:  5/5        EV: 17    Int: 12    God:
Gold:   83         SH:  0    Dex: 18    Spells: 3/3 levels left

rFire    . . .     SeeInvis +   a - +3 dagger
rCold    . . .     Gourm    .   (shield restricted)
rNeg     . . .     Faith    .   c - +0 robe
rPois    .         Spirit   .   (helmet restricted)
rElec    .         Reflect  .   d - +1 cloak
rCorr    .         Harm     .   (gloves unavailable)
MR       .....                  (boots unavailable)
Stlth    ++++......             (no amulet)
HPRegen  0.07/turn              L - -3 ring of strength (curse)
MPRegen  0.09/turn              (no ring)

@: very quick
A: very small, unfitting armour, see invisible, herbivore, speed 3, slow
metabolism 2
a: no special abilities


You were on level 3 of the Dungeon.
You were hungry.

You visited 1 branch of the dungeon, and saw 3 of its levels.

You collected 83 gold pieces.

Inventory:

Hand Weapons
 a - a +3 dagger (weapon)
 w - a +0 blowgun {@w1}
Missiles
 f - 2 curare-tipped needles
 g - 23 poisoned needles
 y - 24 sling bullets
 B - 77 stones (quivered) {@Q3}
Armour
 c - a +0 robe (worn)
 d - a +1 cloak (worn)
Jewellery
 L - a cursed -3 ring of strength (left hand)
Wands
 X - a wand of clouds (3) {@v3}
Scrolls
 x - a scroll of immolation
 R - a scroll of identify {@r1}
 T - a scroll of teleportation
 V - a scroll of fog
Potions
 z - a potion of degeneration {unknown}
 A - 2 potions of curing {@q1}
 E - a potion of resistance {unknown}
 J - a potion of heal wounds {unknown}
 W - 2 potions of mutation {unknown}
 Y - a potion of agility {unknown}
Comestibles
 e - 8 rations


   Skills:
 - Level 1.5 Fighting
 * Level 5.0 Short Blades
 - Level 2.0 Throwing
 - Level 1.5 Dodging
 + Level 6.9 Stealth


You had 3 spell levels left.
You didn't know any spells.
Your spell library was empty.

Dungeon Overview and Level Annotations

Branches:
Dungeon (3/15)

Altars:
Sif Muna


Innate Abilities, Weirdness & Mutations

You are very small and have problems with some larger weapons.
You are too small for most types of armour.
You have supernaturally acute eyesight. (SInv)
You are a herbivore.
You cover ground extremely quickly.
You need to consume almost no food.


Message History

a hand axe; an orc corpse An orc is nearby!
The orc priest calls down the wrath of Beogh upon you.
You struggle to resist.
You closely miss the orc. You hit the orc.
The orc is heavily wounded.
The orc misses you.
Things that are here:
a hand axe; an orc corpse
There is a stone staircase leading up here.
The orc priest miscasts a cantrip.
The orc completely misses you.
You climb upwards.
There is a stone staircase leading down here.
Unknown command.
You hit the orc.
The orc is severely wounded.
The orc closely misses you.
You hit the orc.
You kill the orc!
No target in view!
No target in view!
No target in view!
No target in view!
No target in view!
No target in view!
No target in view!
No target in view!
No target in view!
No target in view!
No target in view!
No target in view!
No target in view!
You climb downwards.
The orc priest mumbles some strange prayers to Beogh against you.
Beogh smites you!
Ouch! That really hurt!
You hear a shout!
There is a stone staircase leading up here.
You take 11 damage, and have 11/22 hp.
MASSIVE DAMAGE!!
You climb upwards.
There is a stone staircase leading down here.
You start resting.
HP restored.
Health restored: 22
There is a stone staircase leading down here.
You climb downwards.
There is a stone staircase leading up here.
Unknown command.
The orc misses you.
The orc priest invokes the aid of Beogh against you.
Beogh smites you!
Ouch! That really hurt!
* * * LOW HITPOINT WARNING * * *
You climb upwards.
There is a stone staircase leading down here.
You take 15 damage, and have 7/22 hp.
MASSIVE DAMAGE!!
You hit the orc.
The orc is moderately wounded.
The orc misses you.
You hit the orc.
The orc is severely wounded.
You barely miss the orc.
The orc is severely wounded.
The orc misses you.
You hit the orc.
The orc is almost dead.
The orc hits you with a hand axe.
* * * LOW HITPOINT WARNING * * *
You take 3 damage, and have 4/22 hp.
You hit the orc.
You kill the orc!
Your Short Blades skill increases to level 5!
Unknown command.
You start resting.
You are feeling hungry.
You regained 10 hp, and now have 14/22 hp.
Unknown command.
You start resting.
HP restored.
Health restored: 22 Unknown command.
Unknown command.
Unknown command.
Unknown command.
Unknown command.
There are no items here.
Unknown command.
Unknown command.
Unknown command.
Unknown command.
You climb downwards.
The orc closely misses you.
There is a stone staircase leading up here.
The orc hits you with a flail!
Ouch! That really hurt!
The orc priest mumbles some strange prayers to Beogh against you.
Beogh smites you!
Ouch! That really hurt!
You die...

█.████████.█ █.....█
█........█.█ ███.███
█.██████.█.█ ████.█ █.█
█.█.███....█ █.█
█.█....███.█▓ █.█
█.███.██ ██.█▓
█†██████.███.█▓▓▓·..█
█..█...o.....██.█...█▓▓
█..█...)...@o........·▓
█..█..██.████.█.......▓
█..█..██.█ ▓█........█
█..÷..██.█ ▓█.█...▓▓▓
██.█.███.█ ▓██·..▓
███.█.███.█ ▓▓·█▓
█......██.█ ▓▓·▓▓
█.█.......█ █...█
█....o.████ █...█ █


You could see an orc priest and an orc.

Vanquished Creatures
  A hound (D:3)
  An adder (D:2)
  An ooze (D:2)
  4 worms
  3 leopard geckos
  4 orcs
  5 bats
  6 giant cockroaches
  6 goblins
  8 hobgoblins
  A quokka (D:2)
  A ball python (D:1)
  6 frilled lizards
  5 kobolds
  11 rats
63 creatures vanquished.

Notes
Turn   | Place    | Note
-------+----------+-------------------------------------------
     0 | D:1      | Goblin1989 the Spriggan Assassin began the quest for the Orb.
     0 | D:1      | Reached XP level 1. HP: 10/10 MP: 2/2
   218 | D:1      | Reached XP level 2. HP: 14/14 MP: 3/3
   488 | D:1      | Reached skill level 6 in Stealth
   917 | D:2      | Reached XP level 3. HP: 9/18 MP: 4/4
  2070 | D:2      | Reached XP level 4. HP: 22/22 MP: 5/5
  2072 | D:2      | Found a deep blue altar of Sif Muna.
  2463 | D:3      | HP: 1/22 [worm (5)]
  2955 | D:3      | HP: 1/22 [orc priest/divine providence (10)]
  3438 | D:2      | Reached skill level 5 in Short Blades
  3689 | D:3      | Killed from afar by an orc priest

Skill      XL: |  1  2  3  4 |
---------------+-------------+-----
Short Blades   | 3 4 5 |  5.0
Stealth        | 6 |  6.9
Fighting       | |  1.5
Throwing       | |  2.0
Dodging        | |  1.5

Action                   |  1- 3 |  4- 6 || total
-------------------------+-------+-------++-------
Melee: Dagger            |   114 |    47 ||   161
 Fire: Blowgun           |     7 |    12 ||    19
  Use: Scroll            |     8 |     2 ||    10
 Stab: Sleeping          |    15 |     5 ||    20
Armor: Robe              |    13 |     2 ||    15
Dodge: Dodged            |    53 |    20 ||    73

Vault maps used:
D:1:      wheals_arrival_linesprint
D:2:      marbit_many_paths
D:3:      first_ration
